 Dungeon Crawl Stone Soup version 0.29.0-4-gdea44cf6ec (webtiles) character file.

Game seed: 2831219461519337784

713 qw the Grappler (level 7, 0/67 HPs)
             Began as a Troll Cinder Acolyte on Sept 1, 2022.
             Was an Elder of Ignis.
             Succumbed to a water moccasin's poison
             ... on level 5 of the Dungeon.
             The game lasted 00:02:08 (2992 turns).

qw the Grappler (Troll Cinder Acolyte)              Turns: 2992, Time: 00:02:08

Health: 0/67       AC: 11    Str: 31    XL:     7   Next: 41%
Magic:  7/7        EV:  9    Int: 10    God:    Ignis [****..]
Gold:   232        SH:  0    Dex:  5    Spells: 8/8 levels left

rFire   + . .      SeeInvis .     - Unarmed
rCold   . . .      Faith    .   (no shield)
rNeg    . . .      Spirit   .   a - +0 robe
rPois   .          Reflect  .   (helmet restricted)
rElec   .          Harm     .   (no cloak)
rCorr   .          Rampage  .   (gloves unavailable)
Will    .....                   (boots unavailable)
Stlth   +.........              b - amulet of regeneration
HPRegen 1.81/turn               k - +6 ring of strength
MPRegen 0.10/turn               (no ring)

@: lethally poisoned (0 -> -9), about to teleport, fiery-armoured
A: large, unfitting armour, claws 3, regeneration 1, shaggy fur 1, tough skin 1
a: Renounce Religion, Fiery Armour, Foxfire Swarm, Rising Flame


You were on level 5 of the Dungeon.
You worshipped Ignis.
Ignis was greatly pleased with you.
You visited 1 branch of the dungeon, and saw 5 of its levels.

You collected 232 gold pieces.


Innate Abilities, Weirdness & Mutations

You are too large for most types of armour.
You have claws for hands.
Your natural rate of healing is unusually fast.
You are covered in fur. (AC +1)
You have tough skin. (AC +1)


   Skills:
 - Level 3.1 Fighting
 + Level 8.4 Unarmed Combat
 - Level 1.0 Spellcasting
 - Level 2.1 Fire Magic


You had 8 spell levels left.
You didn't know any spells.
Your spell library contained the following spells:

 Spells                   Type           Power      Damage    Failure   Level
 Scorch                   Fire           8%         2d5       22%         2

Inventory:

Armour
 a - a +0 robe (worn)
Jewellery
 b - an amulet of regeneration (around neck)
 k - a +6 ring of strength (left claw)
Scrolls
 c - a scroll of identify
 f - a scroll of teleportation
 i - 2 scrolls of brand weapon
Potions
 d - 2 potions of might
 g - a potion of mutation {unknown}
 h - 2 potions of curing

Dungeon Overview and Level Annotations

Branches:
Dungeon (5/15)
 Temple: D:4-7

Altars:
Fedhas
Wu Jian
The Shining One

Shops:
D:5 (


Message History

The water moccasin poisons you!
You scratch the water moccasin.
The water moccasin is lightly wounded.
You feel very sick. The water moccasin bites you.
You are more poisoned.
The water moccasin poisons you! The orc hits you but does no damage.
2988 ||| INVOKING Fiery Armour.
A protective cloak of flame settles atop you.
You feel extremely sick. The water moccasin bites you.
You are lethally poisoned!
The water moccasin poisons you!
The water moccasin is burned by your cloak of flames.
The water moccasin is moderately wounded.
The orc hits you but does no damage.
The orc is burned by your cloak of flames.
The orc is moderately wounded.
You mangle the water moccasin!!
You kill the water moccasin!
You feel extremely sick.
You hear an angry buzzing noise. x4
2990 ||| READING 2 scrolls of teleportation.
As you read the scroll of teleportation, it crumbles to dust.
You feel strangely unstable.
You feel extremely sick. The orc hits you but does no damage.
The orc is burned by your cloak of flames.
The orc is severely wounded.
You barely miss the orc.
The orc is severely wounded.
You feel very sick. The orc hits you but does no damage.
The orc is burned by your cloak of flames.
The orc is almost dead.
A killer bee comes into view.
The killer bee buzzes angrily.
You mangle the orc!!
You kill the orc!
You die...

## ..# ##.#
##..######
y........
#......
#...# +@).#
##%.+ #
+..####.#
#..P....# #.
#.......# ..
##..##+#.# #
S #...# # #
... #...#
######
....####...#


You could see a killer bee.

Vanquished Creatures
  A water moccasin (D:5)
  2 ogres (D:4)
  2 necrophages
  An orc priest (D:4)
  2 hounds (D:5)
  An orc wizard (D:3)
  7 gnolls
  5 adders
  A worm (D:2)
  A dart slug (D:4)
  10 orcs
  8 ball pythons
  7 bats
  8 endoplasms
  A giant cockroach (D:2)
  8 goblins
  9 hobgoblins
  3 jackals (D:2)
  2 quokkas (D:3)
  2 frilled lizards
  10 kobolds
  7 rats
98 creatures vanquished.

Notes
Turn   | Place    | Note
-------+----------+-------------------------------------------
     0 | D:1      | qw the Troll Cinder Acolyte began the quest for the Orb.
     0 | D:1      | Reached XP level 1. HP: 22/22 MP: 1/1
     0 | D:1      | 0 ||| qw: Version: 0.1-a-97-g2dd2ca4
     0 | D:1      | 0 ||| qw: Game counter: 4827
     0 | D:1      | 0 ||| qw: Always use a shield: true
     0 | D:1      | 0 ||| qw: God list: Okawaru
     0 | D:1      | 0 ||| qw: Allow faded altars: false
     0 | D:1      | 0 ||| qw: Do Orc after D:15 true
     0 | D:1      | 0 ||| qw: Do second Lair branch before Depths: true
     0 | D:1      | 0 ||| qw: Lair rune preference: random
     0 | D:1      | 0 ||| qw: Plans: Normal
     0 | D:1      | 0 ||| PLANNING D:1-11
   115 | D:1      | 115 ||| Stepping ~*~*~tactically~*~*~ (stealth).
   132 | D:1      | 132 ||| Stepping ~*~*~tactically~*~*~ (stealth).
   167 | D:1      | Reached XP level 2. HP: 29/29 MP: 2/2
   473 | D:1      | Reached skill level 4 in Unarmed Combat
   555 | D:1      | 555 ||| UPGRADING to amulet of regeneration.
   560 | D:1      | 560 ||| READING scroll labelled ALOX QOKOLL.
   561 | D:1      | 561 ||| READING scroll labelled SIYTAQ ATOIJ.
   562 | D:1      | 562 ||| READING scroll labelled CEZI IDIYSMAB ISE.
   563 | D:1      | 563 ||| DRINKING 3 purple potions.
   591 | D:2      | 591 ||| STAIRDANCE
   669 | D:2      | Reached XP level 3. HP: 35/36 MP: 3/3
   689 | D:2      | 689 ||| Stepping ~*~*~tactically~*~*~ (stealth).
   692 | D:2      | 692 ||| Stepping ~*~*~tactically~*~*~ (stealth).
   905 | D:2      | 905 ||| Stepping ~*~*~tactically~*~*~ (stealth).
   906 | D:2      | 906 ||| Stepping ~*~*~tactically~*~*~ (stealth).
   907 | D:2      | 907 ||| Stepping ~*~*~tactically~*~*~ (stealth).
   908 | D:2      | 908 ||| Stepping ~*~*~tactically~*~*~ (stealth).
  1087 | D:2      | 1087 ||| READING scroll labelled JUOPUMOHOXU.
  1092 | D:2      | 1092 ||| READING scroll labelled DOJ YCHUNAONN.
  1093 | D:2      | 1093 ||| READING scroll labelled SOCSUIXI IKAT.
  1094 | D:2      | 1094 ||| READING scroll labelled REAPSE WILUHUDD.
  1095 | D:2      | 1095 ||| DRINKING 2 cyan potions.
  1096 | D:2      | 1096 ||| Stepping randomly (stuck).
  1097 | D:2      | 1097 ||| Stepping randomly (stuck).
  1098 | D:2      | 1098 ||| Stepping randomly (stuck).
  1099 | D:2      | 1099 ||| Stepping randomly (stuck).
  1100 | D:2      | 1100 ||| Stepping ~*~*~tactically~*~*~ (cloud).
  1163 | D:3      | 1163 ||| Stepping ~*~*~tactically~*~*~ (stealth).
  1166 | D:3      | 1166 ||| Stepping ~*~*~tactically~*~*~ (hiding).
  1172 | D:3      | Reached skill level 5 in Unarmed Combat
  1172 | D:3      | Reached XP level 4. HP: 41/44 MP: 4/4
  1173 | D:3      | 1173 ||| INVOKING Fiery Armour.
  1209 | D:3      | 1209 ||| Stepping ~*~*~tactically~*~*~ (hiding).
  1219 | D:3      | 1219 ||| DRINKING 3 potions of curing.
  1219 | D:3      | 1219 ||| (to cure confusion)
  1225 | D:3      | 1225 ||| Stepping ~*~*~tactically~*~*~ (stealth).
  1226 | D:3      | 1226 ||| Stepping ~*~*~tactically~*~*~ (stealth).
  1295 | D:3      | 1295 ||| Stepping ~*~*~tactically~*~*~ (stealth).
  1296 | D:3      | 1296 ||| Stepping ~*~*~tactically~*~*~ (stealth).
  1304 | D:3      | Reached XP level 5. HP: 46/50 MP: 5/5
  1362 | D:3      | Found a glowing golden altar of the Shining One.
  1373 | D:3      | Found an ornate altar of the Wu Jian Council.
  1631 | D:3      | 1631 ||| Stepping ~*~*~tactically~*~*~ (outnumbered).
  1999 | D:3      | 1999 ||| READING 3 scrolls labelled RAVVAUSMICK.
  2000 | D:3      | 2000 ||| READING scroll labelled JORCHA SUREUXI.
  2001 | D:3      | 2001 ||| READING scroll labelled ZUWUSIA MIFOCO.
  2032 | D:4      | Found a blossoming altar of Fedhas.
  2033 | D:4      | 2033 ||| Stepping ~*~*~tactically~*~*~ (hiding).
  2034 | D:4      | 2034 ||| Stepping ~*~*~tactically~*~*~ (hiding).
  2042 | D:4      | Reached skill level 6 in Unarmed Combat
  2183 | D:4      | 2183 ||| Stepping ~*~*~tactically~*~*~ (outnumbered).
  2184 | D:4      | 2184 ||| Stepping ~*~*~tactically~*~*~ (outnumbered).
  2225 | D:4      | 2225 ||| INVOKING Fiery Armour.
  2228 | D:4      | 2228 ||| Stepping ~*~*~tactically~*~*~ (outnumbered).
  2229 | D:4      | 2229 ||| Stepping ~*~*~tactically~*~*~ (outnumbered).
  2230 | D:4      | 2230 ||| Stepping ~*~*~tactically~*~*~ (outnumbered).
  2231 | D:4      | 2231 ||| Stepping ~*~*~tactically~*~*~ (outnumbered).
  2232 | D:4      | 2232 ||| Stepping ~*~*~tactically~*~*~ (outnumbered).
  2233 | D:4      | 2233 ||| Stepping ~*~*~tactically~*~*~ (outnumbered).
  2234 | D:4      | 2234 ||| Stepping ~*~*~tactically~*~*~ (outnumbered).
  2235 | D:4      | 2235 ||| Stepping ~*~*~tactically~*~*~ (outnumbered).
  2236 | D:4      | 2236 ||| Stepping ~*~*~tactically~*~*~ (outnumbered).
  2242 | D:4      | Reached XP level 6. HP: 48/59 MP: 6/6
  2253 | D:4      | 2253 ||| Stepping ~*~*~tactically~*~*~ (stealth).
  2266 | D:4      | 2266 ||| Stepping ~*~*~tactically~*~*~ (stealth).
  2286 | D:4      | Reached skill level 7 in Unarmed Combat
  2320 | D:4      | 2320 ||| Stepping ~*~*~tactically~*~*~ (hiding).
  2438 | D:4      | 2438 ||| Stepping ~*~*~tactically~*~*~ (stealth).
  2448 | D:4      | 2448 ||| Stepping ~*~*~tactically~*~*~ (stealth).
  2766 | D:4      | 2766 ||| UPGRADING to +6 ring of strength.
  2767 | D:4      | 2767 ||| DRINKING 3 fizzy emerald potions.
  2868 | D:4      | 2868 ||| READING 2 scrolls of identify.
  2868 | D:4      | 2868 ||| IDENTIFYING dark potion
  2869 | D:4      | 2869 ||| DROPPING potion of flight.
  2870 | D:4      | 2870 ||| DROPPING 2 potions of ambrosia.
  2876 | D:5      | Entered Level 5 of the Dungeon
  2883 | D:5      | 2883 ||| STAIRDANCE
  2898 | D:5      | Reached skill level 8 in Unarmed Combat
  2898 | D:5      | Reached XP level 7. HP: 66/66 MP: 7/7
  2919 | D:5      | Found Xochiqyrgh's Antique Weapon Shop.
  2951 | D:5      | 2951 ||| Stepping ~*~*~tactically~*~*~ (outnumbered).
  2964 | D:5      | 2964 ||| Stepping ~*~*~tactically~*~*~ (stealth).
  2970 | D:5      | 2970 ||| Stepping ~*~*~tactically~*~*~ (outnumbered).
  2971 | D:5      | 2971 ||| Stepping ~*~*~tactically~*~*~ (outnumbered).
  2972 | D:5      | 2972 ||| Stepping ~*~*~tactically~*~*~ (outnumbered).
  2973 | D:5      | 2973 ||| Stepping ~*~*~tactically~*~*~ (outnumbered).
  2974 | D:5      | 2974 ||| Stepping ~*~*~tactically~*~*~ (outnumbered).
  2975 | D:5      | 2975 ||| Stepping ~*~*~tactically~*~*~ (outnumbered).
  2976 | D:5      | 2976 ||| Stepping ~*~*~tactically~*~*~ (outnumbered).
  2977 | D:5      | 2977 ||| Stepping ~*~*~tactically~*~*~ (outnumbered).
  2978 | D:5      | 2978 ||| Stepping ~*~*~tactically~*~*~ (outnumbered).
  2985 | D:5      | Reached skill level 3 in Fighting
  2988 | D:5      | 2988 ||| INVOKING Fiery Armour.
  2989 | D:5      | HP: 13/67 [poisoned by a water moccasin]
  2990 | D:5      | 2990 ||| READING 2 scrolls of teleportation.
  2991 | D:5      | HP: 3/67 [poisoned by a water moccasin]
  2992 | D:5      | Succumbed to a water moccasin's poison

Levels and vault maps discovered:
D:1:      minmay_arrival_diagonal_passages, layout_basic, hex_large,
          minmay_tromino_i2
D:2:      layout_rooms
D:3:      layout_basic, amethyst_overflow_temple_binary, grunt_decor_resistance
D:4:      layout_cave_pools, mainiacjoe_overflow_tiny_flanked
D:5:      corexii_shack_village, layout_loops_cross,
          nicolae_dithmenos_through_a_glass_darkly, serial_shops,
          nicolae_shop_crystal, uniq_duvessa, uniq_pikel

Skill      XL: |  1  2  3  4  5  6  7 |
---------------+----------------------+-----
Unarmed Combat | 4 5 6 8 |  8.4
Fighting       | 3 |  3.1
Spellcasting   | |  1.0
Fire Magic     | |  2.1

Action                   |  1- 3 |  4- 6 |  7- 9 || total
-------------------------+-------+-------+-------++-------
Melee: Unarmed           |   119 |   119 |    25 ||   263
       Punch             |       |     4 |       ||     4
Invok: Fiery Armour      |       |     2 |     1 ||     3
  Use: Scroll            |     7 |     4 |     1 ||    12
       Potion            |     2 |     2 |       ||     4
Armor: Robe              |    38 |    38 |    14 ||    90
Dodge: Dodged            |    39 |    45 |    18 ||   102

Table legend:
 A = Non-vault XP
 B = Vault XP
 C = Vault XP percentage of total XP
 D = Non-vault monster count
 E = Vault monster count
 F = Vault count percentage of total count
                 A         B        C        D         E       F
            +---------+---------+-------+---------+---------+-------
      Total |    1012 |      10 |   1.0 |      93 |       5 |   5.1
            +---------+---------+-------+---------+---------+-------
        D:1 |      29 |       2 |   6.5 |      17 |       1 |   5.6
        D:2 |      62 |       0 |   0.0 |      24 |       0 |   0.0
        D:3 |     138 |       0 |   0.0 |      23 |       0 |   0.0
        D:4 |     463 |       0 |   0.0 |      25 |       0 |   0.0
        D:5 |     320 |       8 |   2.4 |       4 |       4 |  50.0
            +---------+---------+-------+---------+---------+-------
